 Dungeon Crawl Stone Soup version 0.27-a0-1147-gb3d8e82157 (webtiles) character file.

Game seed: 496585548816726502

12163 leviel the Cleaver (level 11, -8/101 HPs)
             Began as a Minotaur Fighter on May 11, 2021.
             Was a Believer of Uskayaw.
             Mangled by a death yak (21 damage)
             ... on level 2 of the Lair of Beasts.
             The game lasted 00:11:35 (12325 turns).

leviel the Cleaver (Minotaur Fighter)              Turns: 12325, Time: 00:11:36

Health: -8/101     AC: 10    Str: 26    XL:     11   Next: 58%
Magic:  10/10      EV:  9    Int:  5    God:    Uskayaw [**....]
Gold:   554        SH: 12    Dex: 11    Spells: 10/10 levels left

rFire    + + .     SeeInvis .   J - +6 morningstar of the Apocalypse {drain, rF+ Str+3}
rCold    . . .     Faith    .   c - +0 kite shield
rNeg     . . .     Spirit   .   b - +0 scale mail
rPois    .         Reflect  .   (helmet restricted)
rElec    .         Harm     .   K - scarf {+Inv}
rCorr    .         Rampage  .   (no gloves)
Will     .....                  f - +0 pair of boots
Stlth    ..........             (no amulet)
HPRegen  0.26/turn              I - ring of protection from fire
MPRegen  0.12/turn              (no ring)

@: studying Dodging
A: horns 2, retaliatory headbutt
a: Renounce Religion, Evoke Invisibility, Stomp, Line Pass


You were on level 2 of the Lair of Beasts.
You worshipped Uskayaw.
Uskayaw was noncommittal.
You visited 3 branches of the dungeon, and saw 11 of its levels.
You also visited: Ossuary.

You collected 554 gold pieces.

Inventory:

Hand Weapons
 a - a +0 war axe
 J - the +6 morningstar of the Apocalypse (weapon) {drain, rF+ Str+3}
   (You found it on level 8 of the Dungeon)

   A truly terrible weapon, it drains the life of those it strikes.
   It affects your strength (+3).
   It protects you from fire.
Missiles
 j - 2 throwing nets (quivered)
 G - 2 curare-tipped darts
Armour
 b - a +0 scale mail (worn)
 c - a +0 kite shield (worn)
 f - a +0 pair of boots (worn)
 K - a scarf of invisibility (worn)
Jewellery
 p - a ring of fire
 I - a ring of protection from fire (left hand)
Wands
 n - a wand of iceblast (20)
 r - a wand of flame (35)
 t - a wand of polymorph (16)
Scrolls
 e - 2 scrolls of enchant weapon {unknown}
 h - 2 scrolls of immolation {unknown}
 i - 9 scrolls of teleportation {unknown}
 k - 2 scrolls of amnesia {unknown}
 m - 12 scrolls of identify {unknown}
 u - a scroll of noise {unknown}
 v - 4 scrolls of vulnerability {unknown}
 w - a scroll of fear {unknown}
 y - 2 scrolls of acquirement {unknown}
 z - 2 scrolls of magic mapping {unknown}
 B - a scroll of silence {unknown}
 C - a scroll of fog {unknown}
 F - a scroll of torment {unknown}
Potions
 d - 4 potions of might
 g - 2 potions of berserk rage {unknown}
 l - 2 potions of cancellation {unknown}
 o - 5 potions of flight {unknown}
 q - 2 potions of heal wounds {unknown}
 s - 5 potions of curing {unknown}
 x - a potion of mutation {unknown}
 A - a potion of brilliance {unknown}
 D - a potion of attraction {unknown}
 E - a potion of lignification {unknown}
 H - a potion of degeneration {unknown}


   Skills:
 + Level 10.4 Fighting
 * Level 13.0 Axes
 - Level 5.0 Throwing
 + Level 10.4 Armour
 + Level 10.3 Shields


You had 10 spell levels left.
You didn't know any spells.
Your spell library contained the following spells:

 Spells                   Type           Power      Damage    Failure   Level
 Shock                    Conj/Air       0%         1d3       88%         1
 Static Discharge         Conj/Air       0%         N/A       96%         2
 Swiftness                Air            0%         N/A       99%         3
 Airstrike                Air            0%         N/A       100%        4
 Lightning Bolt           Conj/Air       0%         1d11      100%        5


Dungeon Overview and Level Annotations

Branches:
Dungeon (8/15)             Temple (1/1) D:7            Lair (2/6) D:8
Ossuary (visited)
  Swamp: Lair:2-4    Shoals: Lair:2-4     Snake: Lair:2-4    Spider: Lair:2-4

Altars:
Dithmenos
Hepliaklqana
Okawaru
Qazlal
Trog
Uskayaw
Yredelemnul
Zin


Innate Abilities, Weirdness & Mutations

You have a pair of horns on your head.
You reflexively headbutt those who attack you in melee.


Message History

* * * LOW HITPOINT WARNING * * *
The death yak gores you!
* * * LOW HITPOINT WARNING * * *
The death yak gores you!
* * * LOW HITPOINT WARNING * * *
The death yak gores you but does no damage.
You block the death yak's attack.
Okay, then.
Okay, then.
There is a stone staircase leading up, spattered with blood here.
You can no longer pass through a line of other dancers.
You climb upwards.
There is a stone staircase leading down here.
You start resting.
HP restored.
You climb downwards.
The death yak completely misses you. You furiously retaliate!
You headbutt the death yak! The death yak gores you!!
The death yak closely misses you. You block the death yak's attack.
There is a stone staircase leading up, spattered with blood here.
You sock the death yak! You drain the death yak.
You headbutt the death yak, but do no damage.
The death yak is heavily wounded.
You block the death yak's attack. The death yak gores you!!
The death yak closely misses you.
You can now pass through a line of other dancers.
You thump the death yak!
You headbutt the death yak, but do no damage.
The death yak is severely wounded.
The death yak gores you!! The death yak gores you!
You block the death yak's attack.
The death yak gores you but does no damage.
You barely miss the death yak.
The death yak is severely wounded.
The death yak gores you but does no damage.
You block the death yak's attack. x2
Unknown command.
The death yak gores you!!
* * * LOW HITPOINT WARNING * * *
You block the death yak's attack. The death yak gores you!!
You die...

........#...##.##.#......#....#
......†##..P#...P.##....###...#
............##..........###...##
.......................).##....#
.P...................)...P#...##
...............................#
..##...##P.......#......P#.#...#
/..#...###...###..#####.######.#
.......#.#...##Y@....#### #.##
................YY.^## ##..#
..............#...<## ###..P#
......#########....# #.P....
......# #..#.# #....## ...####
###### ##.### .### ### #


You could see 3 death yaks.

Vanquished Creatures
  2 hydras
  3 death yaks (Lair:2)
  Maurice (D:8)
  A cane toad (Lair:1)
  An unseen horror (D:7)
  A komodo dragon (Lair:1)
  17 yaks
  A basilisk (Lair:1)
  2 steam dragons
  An acid dragon (D:7)
  8 water moccasins
  A sky beast (D:8)
  An ice beast (D:7)
  An orc warrior (D:5)
  An ogre (D:6)
  3 black bears (Lair:1)
  A necrophage (D:8)
  11 wolves (Lair:1)
  3 centaurs
  A phantom (D:7)
  4 kobold brigands
  5 bullfrogs
  A scorpion (D:6)
  3 water moccasin zombies (Ossuary)
  A water moccasin skeleton (D:3)
  4 wights (D:6)
  A bullfrog zombie (D:6)
  4 hounds
  5 jellies
  A bullfrog skeleton (D:5)
  A centaur skeleton (D:7)
  A gnoll shaman (D:8)
  An orc priest (D:3)
  2 scorpion zombies (D:5)
  Natasha (thrice) (D:3)
  2 iguanas
  8 orc wizards
  A killer bee zombie (D:6)
  A hound skeleton (D:4)
  2 mummies (Ossuary)
  4 gnolls
  A howler monkey skeleton (D:5)
  3 adders
  A white imp (D:5)
  3 adder zombies (Ossuary)
  An adder skeleton (D:4)
  2 worms
  2 dart slugs
  11 orcs
  3 ball pythons
  2 endoplasms
  5 giant cockroaches
  4 gnoll zombies
  8 goblins
  6 hobgoblins
  A jackal (D:4)
  27 kobolds
  4 quokkas
  6 bats
  3 frilled lizards
  4 hobgoblin zombies (Ossuary)
  8 kobold zombies (Ossuary)
  3 orc zombies (Ossuary)
  4 rats
228 creatures vanquished.

Vanquished Creatures (others)
  An orc wizard (D:7)
  8 fungi
  6 plants
15 creatures vanquished.

Grand Total: 243 creatures vanquished

Notes
Turn   | Place    | Note
-------+----------+-------------------------------------------
     0 | D:1      | leviel the Minotaur Fighter began the quest for the Orb.
     0 | D:1      | Reached XP level 1. HP: 19/19 MP: 0/0
   158 | D:1      | Reached XP level 2. HP: 25/27 MP: 1/1
   219 | D:1      | Found a faded altar of an unknown god.
   853 | D:2      | Reached skill level 3 in Axes
   853 | D:2      | Reached XP level 3. HP: 27/33 MP: 2/2
  1515 | D:3      | Reached XP level 4. HP: 22/41 MP: 3/3
  1784 | D:3      | Noticed a +0 spear
  1785 | D:3      | Noticed a +0 dagger
  1786 | D:3      | Noticed a +0 falchion
  1793 | D:3      | Noticed a +0 spear
  1794 | D:3      | Noticed a +0 short sword
  1794 | D:3      | Noticed a +0 dagger
  1802 | D:3      | Noticed a +0 short sword
  1803 | D:3      | Noticed a +0 falchion
  1859 | D:3      | Found a hide-covered altar of Uskayaw.
  1956 | D:3      | Noticed Natasha
  1970 | D:3      | Killed Natasha
  1971 | D:3      | Reached XP level 5. HP: 31/47 MP: 4/4
  2098 | D:3      | Noticed Natasha
  2108 | D:3      | Killed Natasha
  2527 | D:3      | Reached skill level 5 in Fighting
  2527 | D:3      | Reached skill level 4 in Axes
  2527 | D:3      | Reached skill level 5 in Armour
  2535 | D:3      | Became a worshipper of Uskayaw the Reveller
  2585 | D:3      | Noticed Natasha
  2589 | D:3      | Killed Natasha
  2589 | D:3      | Reached * piety under Uskayaw
  2590 | D:3      | Reached skill level 5 in Shields
  2893 | D:4      | Reached ** piety under Uskayaw
  2897 | D:4      | Reached XP level 6. HP: 48/56 MP: 5/5
  3040 | D:4      | Reached *** piety under Uskayaw
  3274 | D:4      | Noticed a steam dragon
  3286 | D:4      | Killed a steam dragon
  3711 | D:5      | Entered Level 5 of the Dungeon
  3734 | D:5      | Reached skill level 5 in Axes
  3734 | D:5      | Reached skill level 1 in Throwing
  3781 | D:5      | Noticed a water moccasin
  3789 | D:5      | Killed a water moccasin
  3790 | D:5      | Reached XP level 7. HP: 33/62 MP: 6/6
  4087 | D:5      | Found a sand-covered staircase.
  4100 | Ossuary  | Entered an ossuary
  4526 | Ossuary  | Reached skill level 6 in Axes
  5318 | D:5      | Reached XP level 8. HP: 51/71 MP: 7/7
  5507 | D:6      | Reached skill level 7 in Axes
  5834 | D:6      | Reached **** piety under Uskayaw
  6473 | D:6      | Identified the +4 dagger "Fixofum" {holy, Dex+2}
  6626 | D:7      | Reached skill level 8 in Axes
  6723 | D:7      | Reached XP level 9. HP: 56/79 MP: 8/8
  6955 | D:7      | Found a staircase to the Ecumenical Temple.
  7039 | Temple   | Entered the Ecumenical Temple
  7116 | D:7      | Found a bloodstained altar of Trog.
  7466 | D:7      | Reached ***** piety under Uskayaw
  7467 | D:7      | Reached skill level 9 in Axes
  7468 | D:7      | Killed an unseen horror
  7470 | D:7      | HP: 3/81 [acid (11)]
  8016 | D:8      | Noticed Maurice
  8036 | D:8      | Killed Maurice
  8174 | D:8      | Identified the +6 morningstar of the Apocalypse {drain, rF+
                  | Str+3}
  8418 | D:8      | Reached skill level 10 in Axes
  8418 | D:8      | Reached skill level 5 in Throwing
  8450 | D:8      | Reached XP level 10. HP: 64/88 MP: 9/9
  9037 | D:8      | Found an iron altar of Okawaru.
  9111 | D:8      | Found a staircase to the Lair.
  9149 | D:8      | Found a stormy altar of Qazlal.
  9472 | D:8      | Found a hazy altar of Hepliaklqana.
  9696 | Lair:1   | Entered Level 1 of the Lair of Beasts
  9730 | Lair:1   | Reached skill level 11 in Axes
  9732 | Lair:1   | Reached ****** piety under Uskayaw
 10914 | Lair:1   | Noticed a cane toad
 10922 | Lair:1   | Killed a cane toad
 10923 | Lair:1   | Reached skill level 12 in Axes
 10923 | Lair:1   | Reached XP level 11. HP: 71/97 MP: 10/10
 11135 | Lair:1   | Noticed a seven-headed hydra
 11143 | Lair:1   | Killed a seven-headed hydra
 11621 | Lair:2   | Noticed a death yak
 11622 | Lair:2   | Noticed a death yak
 11651 | Lair:2   | Killed a death yak
 11652 | Lair:2   | Reached skill level 10 in Fighting
 11652 | Lair:2   | Reached skill level 10 in Armour
 11652 | Lair:2   | Reached skill level 10 in Shields
 11653 | Lair:2   | Killed a death yak
 11878 | Lair:2   | Noticed a five-headed hydra
 11885 | Lair:2   | Killed a five-headed hydra
 11952 | Lair:2   | Noticed a death yak
 11953 | Lair:2   | Noticed a death yak
 11953 | Lair:2   | Noticed a death yak
 11955 | Lair:2   | Noticed a death yak
 11962 | Lair:2   | Killed a death yak
 11963 | Lair:2   | Reached skill level 13 in Axes
 12325 | Lair:2   | Mangled by a death yak

Illustrated notes

Levels and vault maps discovered:
D:1:      minmay_arrival_hallway, layout_rooms, ebering_ecumenical_altar_mist
D:2:      layout_loops_corners
D:3:      layout_rooms, nicolae_uskayaw_en_pointe, minivault_24, uniq_natasha
D:4:      layout_cave_pools, st_stairs_5
D:5:      layout_basic, enter_ossuary_3
D:6:      layout_basic, serial_curves, eino_curves_03, eino_curves_02,
          corexii_shack
D:7:      layout_cave_pools, kennysheep_little_box, minmay_temple_entry_tees,
          minmay_manual_moon
D:8:      layout_basic, lemuel_crystal_altar, nicolae_hepliaklqana_hippocampus,
          grunt_qazlal_sundering, lair_entry_dummy, uniq_maurice
Temple:   cyrus_circular_temple
Lair:1:   layout_loops_ring, minmay_holes, chequers_serial_rivers_large_a,
          beast_lair_carwin_4
Lair:2:   layout_gridlike

Skill      XL: |  1  2  3  4  5  6  7  8  9 10 11 |
---------------+----------------------------------+-----
Fighting       | 4 5 6 7 8 9 10 | 10.4
Armour         | 4 5 6 7 8 9 10 | 10.4
Shields        | 4 5 6 7 8 9 10 | 10.3
Axes           | 3 4 5 6 8 10 12 13 | 13.0
Throwing       | 1 2 3 5 |  5.0

Action                   |  1- 3 |  4- 6 |  7- 9 | 10-12 || total
-------------------------+-------+-------+-------+-------++-------
Melee: War axe           |    99 |   107 |   251 |   186 ||   643
       Headbutt          |     9 |    20 |    54 |    65 ||   148
       Morningstar       |       |       |       |    39 ||    39
Invok: Stomp             |       |       |     4 |     1 ||     5
       Line Pass         |       |       |     1 |     1 ||     2
Evoke: Wand              |       |       |       |     3 ||     3
  Use: Potion            |       |       |       |     1 ||     1
 Stab: Paralysed         |       |     2 |     5 |    13 ||    20
Armor: Scale mail        |    55 |    47 |   131 |    66 ||   299
Dodge: Dodged            |    36 |    33 |    77 |    70 ||   216
Block: Kite shield       |    72 |    71 |   155 |   130 ||   428

Table legend: (Time is in decaauts)
 A = Elapsed time spent in this place.
 B = Non-inter-level travel time spent in this place.
 C = Inter-level travel time spent in this place.
 D = Time resting spent in this place.
 E = Time spent auto-exploring this place.
 F = Levels seen in this place.
 G = Mean time per level.
                   A        B        C        D        E       F      G
               +--------+--------+--------+--------+--------+-----+--------+
         Total |  12564 |  12329 |    235 |   3549 |   7227 |  12 | 1047.0 |
       Dungeon |   9328 |   9124 |    204 |   2149 |   5825 |   8 | 1166.0 |
        Temple |      1 |      1 |      0 |      0 |      0 |   1 |    1.0 |
          Lair |   2653 |   2623 |     30 |   1400 |    950 |   2 | 1326.5 |
       Ossuary |    580 |    580 |      0 |      0 |    452 |   1 |  580.0 |
               +--------+--------+--------+--------+--------+-----+--------+

Top non-repeatable levels by time:
  Lair:1: 2268 daAuts
     D:8: 1692 daAuts
     D:3: 1450 daAuts
     D:7: 1411 daAuts
     D:5: 1218 daAuts
     D:6: 1174 daAuts
     D:2: 1033 daAuts
     D:4: 848 daAuts
 Ossuary: 580 daAuts
     D:1: 498 daAuts
  Lair:2: 384 daAuts
  Temple: 1 daAuts
